[Event "Team 45 45 League T99"]
[Site "Internet Chess Club"]
[Date "2024.03.16"]
[Round "5"]
[White "fileman"]
[Black "primerpaso"]
[Result "1/2-1/2"]
[WhiteElo "1772"]
[BlackElo "1806"]
[Opening "Sicilian"]
[ECO "B50"]
[Time "15:08:58"]
[PlyCount "58"]
[TimeControl "2700+45"]

1. e4 c5 2. Nf3 d6 3. Na3 Nf6 4. Bb5+ Nbd7 5. e5 dxe5 6. Nxe5 a6 7. Nxd7 Bxd7 8.
Bxd7+ Qxd7 9. Nc4 Qe6+ 10. Qe2 Qxe2+ 11. Kxe2 b5 12. Ne3 e6 13. b3 Bd6 14. Bb2
O-O 15. a4 Nd5 16. axb5 axb5 17. Rxa8 Rxa8 18. Ra1 Rxa1 19. Bxa1 f6 20. c4 Nc7
21. d4 Kf7 22. g3 Ke7 23. Kd3 Kd7 24. Bc3 Kc6 25. Nd1 cxd4 26. Bxd4 Na6 27. Nc3
Nb4+ 28. Kd2 bxc4 29. bxc4 Na6 {Game drawn by mutual agreement} 1/2-1/2

[Event "Team 45 45 League T99"]
[Site "Internet Chess Club"]
[Date "2024.03.13"]
[Round "5"]
[White "Portola"]
[Black "Redman1"]
[Result "1/2-1/2"]
[WhiteElo "1599"]
[BlackElo "1500"]
[Opening "Modern defense"]
[ECO "A40"]
[Time "09:00:11"]
[PlyCount "98"]
[TimeControl "2700+45"]

1. d4 g6 2. Nf3 Bg7 3. c3 d6 4. Bg5 c6 5. Nbd2 Qb6 6. Qb3 Nf6 7. e3 Be6 8. Qxb6
axb6 9. Bd3 h6 10. Bh4 Nbd7 11. a3 g5 12. Bg3 Nh5 13. e4 O-O 14. Nc4 b5 15. Ne3
Nb6 16. Kd2 Nc4+ 17. Bxc4 Bxc4 18. Kc2 Nxg3 19. hxg3 Be6 20. g4 Rfc8 21. Kd2 c5
22. d5 Bd7 23. Rhb1 Ra4 24. Kd3 Rca8 25. Ne1 b4 26. N1c2 bxa3 27. bxa3 b5 28.
Ra2 Be5 29. f3 Kg7 30. Nf5+ Bxf5 31. gxf5 Rc4 32. Rxb5 Rxc3+ 33. Kd2 Kf6 34. a4
c4 35. a5 Rd3+ 36. Ke2 Bf4 37. Na3 Re3+ 38. Kf2 Rb3 39. Rxb3 cxb3 40. Rb2 Rxa5
41. Rxb3 e6 42. fxe6 fxe6 43. dxe6 Kxe6 44. Rd3 Ra6 45. Nc4 Ra2+ 46. Kf1 Ra1+
47. Kf2 Ra2+ 48. Kf1 Ra1+ 49. Kf2 Ra2+ {Game drawn by repetition} 1/2-1/2

[Event "Team 45 45 League T99"]
[Site "Internet Chess Club"]
[Date "2024.03.18"]
[Round "5"]
[White "MrAbendroth"]
[Black "ElValero"]
[Result "1-0"]
[WhiteElo "1693"]
[BlackElo "1617"]
[Opening "Sicilian: Kan, 5.Bd3"]
[ECO "B42"]
[Time "09:00:17"]
[PlyCount "103"]
[TimeControl "2700+45"]

1. e4 c5 2. Nf3 e6 3. d4 cxd4 4. Nxd4 a6 5. Bd3 Qc7 6. O-O Nf6 7. Re1 d6 8. Nc3
Be7 9. Bg5 Qc5 10. Be3 Qc7 11. Bg5 Nbd7 12. Qe2 O-O 13. Nf3 b5 14. a3 Bb7 15.
Rad1 Nc5 16. h3 Na4 17. Nxa4 bxa4 18. Bd2 e5 19. Nh2 Rfe8 20. Ng4 Nxg4 21. Qxg4
Bf6 22. Bc3 g6 23. f4 Rad8 24. f5 d5 25. fxg6 hxg6 26. Qe2 d4 27. Bd2 Qb6 28.
Kh1 Bc8 29. Bc1 Kg7 30. Rf1 Rh8 31. Rf3 Bg4 32. Rdf1 Bxf3 33. Qxf3 Qe6 34. Bc4
Qd6 35. Bd2 Rh4 36. Bb4 Rf4 37. Qxf4 exf4 38. Bxd6 Rxd6 39. Rxf4 Rc6 40. Bd3 Rb6
41. Rf1 Rxb2 42. Ra1 Be7 43. g4 Kf6 44. Kg2 Kg5 45. Kf3 Kh4 46. Kg2 Bd6 47. Rf1
Ra2 48. Rxf7 Bxa3 49. e5 Rb2 50. Kf3 Bb4 51. Rh7+ Kg5 52. h4# {Black checkmated}
1-0

[Event "Team 45 45 League T99"]
[Site "Internet Chess Club"]
[Date "2024.03.13"]
[Round "5"]
[White "mongmong"]
[Black "LoseOften"]
[Result "0-1"]
[WhiteElo "1444"]
[BlackElo "1704"]
[Opening "Queen's pawn"]
[ECO "A40"]
[Time "15:03:53"]
[PlyCount "114"]
[TimeControl "2700+45"]

1. d4 e6 2. Nf3 d5 3. e3 f5 4. Bd3 Nf6 5. O-O Bd6 6. b3 Qe7 7. Bb2 Nbd7 8. c4 c6
9. Nc3 Ne4 10. Bxe4 fxe4 11. Nd2 Qh4 12. f4 Nf6 13. Qe1 Qh6 14. Ne2 Bd7 15. Qg3
Nh5 16. Qg5 Qg6 17. Qxg6+ hxg6 18. Kf2 Be7 19. Rh1 O-O-O 20. Rag1 Rdf8 21. Ke1
g5 22. g3 Nf6 23. Nf1 g4 24. Kd2 Ne8 25. Nc3 Nd6 26. Ke2 Nf5 27. Nd1 g5 28. Nf2
gxf4 29. exf4 Rfg8 30. Ne3 Be8 31. cxd5 cxd5 32. a3 Rh7 33. Kd2 Bf6 34. Nfxg4
Bxd4 35. Bxd4 Nxd4 36. Rc1+ Rc7 37. Rxc7+ Kxc7 38. Kc3 Nf3 39. Nf6 Rh8 40. Nc2
Bg6 41. Nd4 Kd6 42. Nxf3 exf3 43. Ng4 Rc8+ 44. Kb2 Rc2+ 45. Ka1 Bd3 46. h4 f2
47. Nxf2 Rxf2 48. h5 Rf1+ 49. Rxf1 Bxf1 50. g4 Ke7 51. Kb2 Bd3 52. h6 Bh7 53.
Kc3 Kf6 54. Kd4 Kg6 55. Ke5 Kxh6 56. f5 exf5 57. gxf5 Bg8 {White resigns} 0-1

[Event "Team 45 45 League T99"]
[Site "Internet Chess Club"]
[Date "2024.03.18"]
[Round "5"]
[White "VictorRed"]
[Black "Lawkeito"]
[Result "1-0"]
[WhiteElo "1641"]
[BlackElo "1695"]
[Opening "Sicilian: Taimanov (Bastrikov) variation"]
[ECO "B47"]
[Time "20:15:35"]
[PlyCount "101"]
[TimeControl "2700+45"]

1. e4 c5 2. Nc3 Nc6 3. Nf3 e6 4. d4 cxd4 5. Nxd4 Qc7 6. Ndb5 Qb8 7. g3 a6 8. Nd4
Nf6 9. Bg2 Bc5 10. Nxc6 bxc6 11. O-O O-O 12. b3 Qe5 13. Bb2 Bd4 14. Qe1 d5 15.
Kh1 dxe4 16. f4 Qa5 17. Na4 Qxe1 18. Raxe1 Bxb2 19. Nxb2 Rd8 20. Bxe4 Nxe4 21.
Rxe4 c5 22. Re2 Bb7+ 23. Kg1 Rd4 24. Nd3 c4 25. Nc5 Bc6 26. c3 Rd5 27. b4 a5 28.
a3 axb4 29. axb4 Rad8 30. Rfe1 Rd1 31. Kf2 Kf8 32. Ke3 Rxe1 33. Rxe1 Ke7 34. Rb1
Rd5 35. Ra1 h5 36. Ra6 Rd6 37. Rb6 Bd5 38. Rxd6 Kxd6 39. Kd4 f6 40. Ne4+ Kc6 41.
Nd2 Kb5 42. h3 g6 43. Ne4 h4 44. g4 f5 45. gxf5 gxf5 46. Nd6+ Kc6 47. Nxc4 Bg2
48. Ne5+ Kc7 49. Ng6 Bxh3 50. Nxh4 Kd6 51. Nf3 {Black resigns} 1-0

[Event "Team 45 45 League T99"]
[Site "Internet Chess Club"]
[Date "2024.03.14"]
[Round "5"]
[White "fvafier"]
[Black "isolani"]
[Result "1-0"]
[WhiteElo "1438"]
[BlackElo "1443"]
[Opening "Sicilian: Smith-Morra gambit"]
[ECO "B21"]
[Time "16:00:17"]
[PlyCount "59"]
[TimeControl "2700+45"]

1. e4 c5 2. d4 cxd4 3. c3 d3 4. Bxd3 Nc6 5. Nf3 d6 6. O-O g6 7. Bg5 Bg4 8. Nbd2
Bg7 9. h3 Bd7 10. Qe2 Nf6 11. Bc4 O-O 12. a3 Qc7 13. Ba2 Rac8 14. Rfe1 h6 15.
Be3 a6 16. Qd3 Rfd8 17. e5 Bf5 18. Qe2 dxe5 19. Nh4 Bd3 20. Qd1 e6 21. Bb1 e4
22. g3 g5 23. Ng2 Ne5 24. Bxd3 Rxd3 25. Qc2 Rcd8 26. Re2 Nf3+ 27. Kf1 Rxe3 28.
Nxe3 Nd4 29. cxd4 Qxc2 30. Nxc2 {Black resigns} 1-0

[Event "Team 45 45 League T99"]
[Site "Internet Chess Club"]
[Date "2024.03.18"]
[Round "5"]
[White "jonesey"]
[Black "fishhead"]
[Result "0-1"]
[WhiteElo "1829"]
[BlackElo "1911"]
[Opening "English: symmetrical, Botvinnik system"]
[ECO "B20"]
[Time "18:01:48"]
[PlyCount "80"]
[TimeControl "2700+45"]

1. e4 c5 2. c4 Nc6 3. Nc3 g6 4. g3 Bg7 5. Bg2 e6 6. d3 Nge7 7. Nge2 d6 8. O-O
O-O 9. Rb1 b6 10. Be3 Nd4 11. Qd2 Nec6 12. Bh6 Bb7 13. Bxg7 Kxg7 14. Nxd4 cxd4
15. Ne2 e5 16. b4 a5 17. bxa5 Rxa5 18. Rb2 Nb8 19. Rfb1 Ra6 20. a4 Nd7 21. a5
Bc6 22. axb6 Nxb6 23. Ra2 Rxa2 24. Qxa2 Na4 25. Rb4 Qa5 26. Rb1 Ra8 27. Ra1 Qb4
28. Qc2 Rb8 29. Rf1 Nc5 30. Nc1 Ba4 31. Qe2 Qc3 32. f4 Rb1 33. Na2 Qb2 34. Bf3
Rxf1+ 35. Kxf1 Qb1+ 36. Kg2 Nxd3 37. fxe5 Nxe5 38. Qd2 Nxf3 39. Kxf3 Qf1+ 40.
Kg4 Bd7+ {White resigns} 0-1

[Event "Team 45 45 League T99"]
[Site "Internet Chess Club"]
[Date "2024.03.16"]
[Round "5"]
[White "QuieroAprender"]
[Black "Gojira"]
[Result "1-0"]
[WhiteElo "1697"]
[BlackElo "1681"]
[Opening "Queen's bishop game"]
[ECO "D02"]
[Time "22:11:22"]
[PlyCount "65"]
[TimeControl "2700+45"]

1. d4 d5 2. Nf3 Nf6 3. Bf4 c6 4. Nbd2 Qb6 5. Nb3 Bf5 6. c3 Nbd7 7. e3 a5 8. Bd3
Bxd3 9. Qxd3 a4 10. Nbd2 Qxb2 11. O-O b5 12. a3 Ne4 13. Rfc1 Nxc3 14. Qxc3 Qxc3
15. Rxc3 Rc8 16. Rac1 e6 17. Rxc6 Rxc6 18. Rxc6 Kd8 19. Bc7+ Ke8 20. Bd6 Bxd6
21. Rxd6 Ke7 22. Rc6 Nb8 23. Rb6 Rc8 24. Rxb5 Rc1+ 25. Nf1 Nc6 26. Nd2 Rc3 27.
Rc5 Rxa3 28. Rxc6 Ra1 29. Ra6 a3 30. g4 a2 31. Kg2 Kd7 32. Nb3 Rb1 33. Nfd2
{Black resigns} 1-0

[Event "Team 45 45 League T99"]
[Site "Internet Chess Club"]
[Date "2024.03.16"]
[Round "5"]
[White "Rookmaster"]
[Black "fireball"]
[Result "0-1"]
[WhiteElo "1480"]
[BlackElo "1500"]
[Opening "French: Two knights variation"]
[ECO "C00"]
[Time "20:05:41"]
[PlyCount "104"]
[TimeControl "2700+45"]

1. e4 e6 2. Nf3 d5 3. Nc3 Nf6 4. e5 Nfd7 5. d4 c5 6. dxc5 Bxc5 7. Bd3 Nc6 8. Bf4
h6 9. Bg3 g5 10. O-O g4 11. Nd2 Ncxe5 12. Bb5 Bd6 13. Re1 Qc7 14. Qe2 Kd8 15.
Bxd7 Nxd7 16. Bxd6 Qxd6 17. Qxg4 a6 18. Rad1 Qf8 19. Qd4 b5 20. Nf3 Bb7 21. Ne5
Nxe5 22. Qb6+ Kc8 23. Rxe5 Rg8 24. g3 Qd8 25. Qxd8+ Rxd8 26. Rd4 Kc7 27. Rh5 Rh8
28. Rdh4 Kb6 29. Rxh6 Rxh6 30. Rxh6 Rc8 31. Rh4 e5 32. Rh6+ Ka7 33. f3 d4 34.
Ne4 Rxc2 35. Rf6 Bxe4 36. fxe4 d3 37. Rxf7+ Kb6 38. Kf1 Rc1+ 39. Kf2 d2 40. Rd7
d1=Q 41. Rxd1 Rxd1 42. h4 Rd2+ 43. Kf3 Rxb2 44. h5 Rxa2 45. g4 Rh2 46. Kg3 Rh1
47. Kg2 Rd1 48. h6 Rd8 49. Kg3 b4 50. g5 b3 51. g6 b2 52. g7 b1=Q {White
resigns} 0-1

[Event "Team 45 45 League T99"]
[Site "Internet Chess Club"]
[Date "2024.03.18"]
[Round "5"]
[White "jfkingiii"]
[Black "BlueStorm"]
[Result "0-1"]
[WhiteElo "1473"]
[BlackElo "1639"]
[Opening "Caro-Kann: classical, 6.h4"]
[ECO "B19"]
[Time "20:00:23"]
[PlyCount "36"]
[TimeControl "2700+45"]

1. e4 c6 2. d4 d5 3. Nc3 dxe4 4. Nxe4 Bf5 5. Ng3 Bg6 6. h4 h6 7. Nf3 e6 8. Ne5
Bh7 9. Be3 Nd7 10. Qh5 Nxe5 11. dxe5 Bxc2 12. Qe2 Bb4+ 13. Bd2 Qd4 14. Bxb4
Qxb4+ 15. Qd2 Qxb2 16. Rd1 Qxe5+ 17. Be2 Bxd1 18. Qxd1 Rd8 {White resigns} 0-1

[Event "Team 45 45 League T99"]
[Site "Internet Chess Club"]
[Date "2024.03.16"]
[Round "5"]
[White "room-matt"]
[Black "Alec-hine"]
[Result "0-1"]
[WhiteElo "1824"]
[BlackElo "2007"]
[Opening "French: Winawer, advance, Bogolyubov variation"]
[ECO "C17"]
[Time "14:00:49"]
[PlyCount "186"]
[TimeControl "2700+45"]

1. e4 e6 2. d4 d5 3. Nc3 Bb4 4. e5 c5 5. Bd2 Ne7 6. f4 Nf5 7. Nf3 O-O 8. dxc5
Nd7 9. Bd3 Nxc5 10. Bxf5 exf5 11. O-O Ne6 12. g3 Bc5+ 13. Kh1 b6 14. Ne2 d4 15.
b4 Be7 16. Be1 Ba6 17. Rf2 d3 18. cxd3 Bxd3 19. Ned4 Be4 20. Kg1 a5 21. a3 axb4
22. Bxb4 Bc5 23. Nxe6 fxe6 24. Bxc5 Qxd1+ 25. Rxd1 bxc5 26. Rc1 Rfc8 27. Ng5 Bd5
28. Rc3 Ra4 29. Rfc2 c4 30. Nf3 Be4 31. Rc1 Rd8 32. Kf2 Rb8 33. Nd2 Rb2 34. Ke3
Bd5 35. h4 h6 36. Nxc4 Rg2 37. Kd4 Bxc4 38. Rxc4 Rxa3 39. Rc8+ Kh7 40. R8c6
Rgxg3 41. Rxe6 Raf3 42. Kd5 Rxf4 43. h5 Rd3+ 44. Kc6 Re4 45. Rg1 f4 46. Re7 Rg3
47. Kd5 Re2 48. Rf1 f3 49. e6 f2 50. Rf7 Rd3+ 51. Kc4 Rde3 52. e7 Rxe7 53. Rxe7
Rxe7 54. Rxf2 Re5 55. Rh2 Kg8 56. Kd4 Ra5 57. Ke4 Kf7 58. Rh1 Kf6 59. Kf4 Ra4+
60. Kg3 Kg5 61. Kf3 Ra3+ 62. Ke4 Rg3 63. Ke5 Re3+ 64. Kd4 Rg3 65. Ke5 Re3+ 66.
Kd4 Re7 67. Kd5 Re2 68. Rg1+ Kxh5 69. Rxg7 Kh4 70. Kd4 h5 71. Kd3 Re5 72. Rg1
Kh3 73. Rg8 h4 74. Kd4 Re1 75. Kd3 Kh2 76. Kd2 Re7 77. Kd3 Re1 78. Kd2 Rg1 79.
Rh8 Rg4 80. Ke2 Kg2 81. Rf8 h3 82. Rf2+ Kg3 83. Rf3+ Kg2 84. Rf2+ Kg1 85. Rf1+
Kh2 86. Kf3 Rg3+ 87. Kf2 Rg8 88. Rb1 Rf8+ 89. Ke2 Kg2 90. Rb7 Rg8 91. Rf7 h2 92.
Rf2+ Kh3 93. Rf3+ Rg3 {White resigns} 0-1

[Event "Team 45 45 League T99"]
[Site "Internet Chess Club"]
[Date "2024.03.17"]
[Round "5"]
[White "timcent"]
[Black "bobhill"]
[Result "1-0"]
[WhiteElo "1936"]
[BlackElo "1806"]
[Opening "QGD: Charousek (Petrosian) variation"]
[ECO "D31"]
[Time "22:00:25"]
[PlyCount "117"]
[TimeControl "2700+45"]

1. d4 d5 2. c4 e6 3. Nc3 Be7 4. cxd5 exd5 5. Bf4 Nf6 6. e3 O-O 7. Bd3 c6 8. Nge2
Nbd7 9. O-O Nh5 10. Qc2 g6 11. Bh6 Re8 12. Rab1 Ndf6 13. h3 Kh8 14. b4 Ng8 15.
Bf4 Nxf4 16. Nxf4 Bd6 17. Nfe2 Qh4 18. Nd1 Nf6 19. f4 g5 20. fxg5 Qxg5 21. Bf5
Rg8 22. Rf2 Ne4 23. Bxe4 dxe4 24. Nf4 Bxf4 25. exf4 Qh5 26. Qxe4 Bxh3 27. Qe5+
Qxe5 28. fxe5 Be6 29. Nc3 Rg4 30. Rd2 Rag8 31. b5 h5 32. bxc6 bxc6 33. Rf1 h4
34. Rf3 Rd8 35. Ne2 Bd5 36. Rf2 h3 37. g3 Kg7 38. Kh2 Rb8 39. Nf4 Rb1 40. Nxd5
cxd5 41. Kxh3 Rg6 42. Kg2 Rgb6 43. Rd3 Rb7 44. Ra3 Rd1 45. Rf4 Kg6 46. Raf3 Rd2+
47. Rf2 Rd3 48. Rg4+ Kh5 49. Rg7 Rxd4 50. e6 Rg4 51. Rxg4 fxe6 52. Kf3 Rf7+ 53.
Rf4 Rc7 54. Re2 Rc3+ 55. Kg2 Rc6 56. Rf6 Kg5 57. Rfxe6 Rc5 58. R2e5+ Kg4 59.
Rg6# {Black checkmated} 1-0

[Event "Team 45 45 League T99"]
[Site "Internet Chess Club"]
[Date "2024.03.18"]
[Round "5"]
[White "Beetlejuice"]
[Black "trombone"]
[Result "1/2-1/2"]
[WhiteElo "1706"]
[BlackElo "1825"]
[Opening "French defense, Steiner variation"]
[ECO "A13"]
[Time "15:13:55"]
[PlyCount "124"]
[TimeControl "2700+45"]

1. c4 e6 2. e4 d5 3. cxd5 exd5 4. exd5 Nf6 5. Bb5+ Nbd7 6. Nc3 Be7 7. Nf3 O-O 8.
O-O Nb6 9. h3 Nbxd5 10. d4 c6 11. Bc4 Be6 12. Bb3 Nxc3 13. bxc3 Bxb3 14. axb3
Nd5 15. Bd2 Re8 16. c4 Nb4 17. Bc3 a5 18. Qd2 b6 19. Ne5 Qd6 20. Rfe1 Qc7 21.
Ng4 Rad8 22. Rad1 h6 23. Ne3 Qf4 24. Qe2 Bd6 25. g3 Qg5 26. Qf3 Rc8 27. Nf5
Rxe1+ 28. Rxe1 Bf8 29. h4 Qd8 30. Qg4 g6 31. h5 Kh7 32. hxg6+ fxg6 33. Nh4 Bg7
34. Qxg6+ Kh8 35. Nf5 Qf6 36. Qxg7+ Qxg7 37. Nxg7 Kxg7 38. d5+ Kf7 39. d6 Rd8
40. Re7+ Kg6 41. Be5 h5 42. d7 Na6 43. Kf1 Nc5 44. Ke2 Rxd7 45. Rxd7 Nxd7 46.
Bc7 Kf5 47. f3 Nc5 48. Bxb6 Nxb3 49. Kd3 a4 50. Kc3 c5 51. Kb2 Ke5 52. Ka3 Nd2
53. Kxa4 Kd4 54. Kb5 Nxc4 55. Bxc5+ Kd5 56. Be7 Ne3 57. Bd8 Nf5 58. Bc7 Nd4+ 59.
Kb4 Nxf3 60. Kc3 Ke4 61. Bf4 h4 62. gxh4 Nxh4 {Game drawn because neither player
has mating material} 1/2-1/2

[Event "Team 45 45 League T99"]
[Site "Internet Chess Club"]
[Date "2024.03.17"]
[Round "5"]
[White "DaveTheRook"]
[Black "Megasus"]
[Result "0-1"]
[WhiteElo "1492"]
[BlackElo "1576"]
[Opening "Queen's pawn game"]
[ECO "D13"]
[Time "16:00:46"]
[PlyCount "100"]
[TimeControl "2700+45"]

1. d4 Nf6 2. c4 c6 3. Nc3 d5 4. cxd5 cxd5 5. Nf3 a6 6. e3 Nc6 7. a3 Bg4 8. b4
Rc8 9. Bb2 Ne4 10. Be2 e6 11. Nxe4 dxe4 12. Nd2 Bxe2 13. Qxe2 Qd5 14. O-O f5 15.
f4 Be7 16. Rfc1 O-O 17. Rc2 Na7 18. Rxc8 Rxc8 19. Rc1 Rxc1+ 20. Bxc1 b5 21. Qd1
Qc6 22. Nb3 Nc8 23. Nc5 Nd6 24. h3 Nc4 25. Qe1 Kf7 26. Qc3 g5 27. g3 h5 28. Qe1
g4 29. h4 Bd8 30. Qc3 a5 31. Qe1 Qa8 32. Qc3 axb4 33. axb4 Qa2 34. Qb3 Qe2 35.
Qc3 Qf3 36. Qe1 Nb6 37. Nb3 Be7 38. Bd2 Nd5 39. Nc5 Bd6 40. Qf1 Qxg3+ 41. Qg2
Qxh4 42. Kf1 Qe7 43. Qf2 h4 44. Qe1 h3 45. Kg1 Nb6 46. Qa1 Nc4 47. Bc1 Qh4 48.
Qa7+ Be7 49. Kf1 h2 50. Ke2 h1=Q {White resigns} 0-1

[Event "Team 45 45 League T99"]
[Site "Internet Chess Club"]
[Date "2024.03.17"]
[Round "5"]
[White "primerpaso"]
[Black "Tufnell"]
[Result "1-0"]
[WhiteElo "1825"]
[BlackElo "1860"]
[Opening "English opening"]
[ECO "A10"]
[Time "15:05:31"]
[PlyCount "61"]
[TimeControl "2700+45"]

1. c4 g6 2. Nc3 Bg7 3. g3 Nf6 4. Bg2 O-O 5. e4 c5 6. Nge2 Nc6 7. O-O d6 8. h3 a6
9. d3 Rb8 10. f4 Bd7 11. Be3 b5 12. Qd2 Ne8 13. Rac1 Nc7 14. b3 Ne6 15. Kh2 Ned4
16. Bg1 b4 17. Nd1 a5 18. Nxd4 Nxd4 19. Ne3 a4 20. Rb1 axb3 21. axb3 Ra8 22. Bf3
Ra3 23. Bd1 Qa5 24. g4 e5 25. f5 Bh6 26. Kh1 Ra2 27. Qe1 Ra1 28. Rxa1 Qxa1 29.
Nd5 Qb1 30. Bxd4 exd4 31. Nf6+ {Black resigns} 1-0

[Event "Team 45 45 League T99"]
[Site "Internet Chess Club"]
[Date "2024.03.17"]
[Round "5"]
[White "Lawkeito"]
[Black "fishhead"]
[Result "0-1"]
[WhiteElo "1715"]
[BlackElo "1897"]
[Opening "Sicilian: Najdorf, Opocensky variation"]
[ECO "B92"]
[Time "14:07:18"]
[PlyCount "52"]
[TimeControl "2700+45"]

1. e4 c5 2. Nf3 d6 3. d4 cxd4 4. Nxd4 Nf6 5. Nc3 a6 6. Be2 e5 7. Nf3 Be7 8. O-O
h6 9. a4 Be6 10. Qd3 O-O 11. Ne1 Nc6 12. Nd5 Nxd5 13. exd5 Nb4 14. Qb3 Nxd5 15.
Qxb7 Nc7 16. c4 Rb8 17. Qa7 Qd7 18. Nc2 Qc6 19. Ra3 d5 20. cxd5 Nxd5 21. Qxa6
Qxa6 22. Bxa6 Bxa3 23. Nxa3 Nc7 24. Bd3 Rfd8 25. Bb5 Nxb5 26. Nxb5 Bb3 {White
resigns} 0-1

[Event "Team 45 45 League T99"]
[Site "Internet Chess Club"]
[Date "2024.03.19"]
[Round "5"]
[White "walkover"]
[Black "VictorRed"]
[Result "0-1"]
[WhiteElo "1699"]
[BlackElo "1661"]
[Opening "Catalan: closed, 5.Nf3"]
[ECO "E06"]
[Time "15:10:59"]
[PlyCount "148"]
[TimeControl "2700+45"]

1. d4 e6 2. Nf3 d5 3. c4 Nf6 4. g3 Be7 5. Bg2 O-O 6. O-O c6 7. Nc3 dxc4 8. Ne5
Nd5 9. Nxc4 f6 10. e4 Nxc3 11. bxc3 b6 12. Qb3 b5 13. Ne3 a5 14. Nf5 a4 15.
Nxe7+ Qxe7 16. Qa3 Qxa3 17. Bxa3 Rd8 18. Rfd1 Ra7 19. Bc5 Rf7 20. Bb6 Rdd7 21.
Re1 g6 22. Rad1 Bb7 23. h4 Na6 24. h5 Kg7 25. hxg6 hxg6 26. f4 Rf8 27. f5 gxf5
28. exf5 exf5 29. Bh3 Kg6 30. Rf1 Rd5 31. Rde1 Rh8 32. Kg2 c5 33. Re7 Re5+ 34.
Rxb7 Re2+ 35. Rf2 Rxf2+ 36. Kxf2 Rxh3 37. Kg2 Rh8 38. Ra7 cxd4 39. Bxd4 Nb8 40.
Ra8 Rd8 41. a3 Nc6 42. Rxd8 Nxd8 43. Kf3 Ne6 44. Ba7 Kg5 45. Be3+ Kh5 46. Ba7
Kg6 47. Bb6 Ng5+ 48. Kf4 Ne4 49. Bd4 Nd6 50. Bc5 Nc4 51. Be7 Kf7 52. Bc5 Ke6 53.
Bf8 Nb2 54. Bb4 Nd3+ 55. Ke3 Nxb4 56. cxb4 Ke5 57. Kd3 f4 58. gxf4+ Kxf4 59. Kd4
Kg4 60. Kc5 f5 61. Kxb5 f4 62. Kc6 f3 63. b5 f2 64. b6 f1=Q 65. b7 Qc4+ 66. Kb6
Qb3+ 67. Ka7 Kf4 68. b8=Q+ Qxb8+ 69. Kxb8 Ke4 70. Kb7 Kd4 71. Kb6 Kc4 72. Kc6
Kb3 73. Kc5 Kxa3 74. Kc4 Kb2 {White resigns} 0-1

[Event "Team 45 45 League T99"]
[Site "Internet Chess Club"]
[Date "2024.03.15"]
[Round "5"]
[White "fireball"]
[Black "QuieroAprender"]
[Result "0-1"]
[WhiteElo "1483"]
[BlackElo "1680"]
[Opening "King's pawn opening"]
[ECO "B07"]
[Time "19:28:48"]
[PlyCount "152"]
[TimeControl "2700+45"]

1. e4 d6 2. d4 e5 3. dxe5 Nc6 4. Bb5 a6 5. Bxc6+ bxc6 6. Nf3 Bg4 7. h3 Bxf3 8.
Qxf3 dxe5 9. Nc3 Nf6 10. a3 h6 11. O-O Bd6 12. Be3 Qe7 13. Qe2 Bc5 14. Rfd1 Bxe3
15. Qxe3 h5 16. Qg5 Kf8 17. Rd2 g6 18. Rad1 Kg7 19. f3 Qc5+ 20. Kh2 Nh7 21. Qg3
Nf8 22. Rd8 Rxd8 23. Rxd8 Ne6 24. Rxh8 Kxh8 25. Qe1 Qd4 26. Qd1 Qf2 27. Qe2 Qh4
28. Qxa6 Qf4+ 29. Kh1 Qc1+ 30. Kh2 Qf4+ 31. g3 Qxf3 32. Qe2 Qf6 33. Kg2 h4 34.
Qf3 Qg5 35. g4 Qd2+ 36. Qf2 Nf4+ 37. Kf3 Qc1 38. Na4 Qh1+ 39. Ke3 Qc1+ 40. Qd2
Qh1 41. Qf2 Qxh3+ 42. Qf3 Qh2 43. Qf2 Qh1 44. Nc3 Qc1+ 45. Kf3 Qxb2 46. Qxh4+
Kg7 47. Qe1 Qxc2 48. Ne2 Qd3+ 49. Kf2 Qxe4 50. Qd2 Nxe2 51. Qxe2 Qd4+ 52. Kg2 f6
53. Qf3 e4 54. Qg3 Qd2+ 55. Kh3 Qd7 56. Kg2 c5 57. g5 Qd2+ 58. Kh3 Qxg5 59.
Qxc7+ Kh6 60. Qe7 Qf5+ 61. Kh2 Qe5+ 62. Qxe5 fxe5 63. a4 c4 64. a5 c3 65. a6 c2
66. a7 c1=Q 67. a8=Q Qf4+ 68. Kh3 e3 69. Qh8+ Kg5 70. Qd8+ Qf6 71. Qd1 Qf5+ 72.
Kh2 Qf4+ 73. Kh3 Qh4+ 74. Kg2 Qg4+ 75. Qxg4+ Kxg4 76. Kf1 Kf3 {White resigns}
0-1

[Event "Team 45 45 League T99"]
[Site "Internet Chess Club"]
[Date "2024.03.17"]
[Round "5"]
[White "Signofthetimes"]
[Black "Gojira"]
[Result "1-0"]
[WhiteElo "1566"]
[BlackElo "1659"]
[Opening "Sicilian: Hungarian variation"]
[ECO "B27"]
[Time "22:02:12"]
[PlyCount "47"]
[TimeControl "2700+45"]

1. e4 c5 2. Nf3 g6 3. Bc4 Bg7 4. Nc3 d6 5. d4 cxd4 6. Nxd4 Nf6 7. Bb3 O-O 8. Bg5
Qb6 9. Bxf6 Bxf6 10. Nde2 Nc6 11. O-O Qd8 12. Rb1 a6 13. Kh1 b5 14. f3 Bb7 15.
Bd5 e6 16. Bb3 Qc7 17. Nf4 Na5 18. Bxe6 Bxc3 19. bxc3 Qxc3 20. Bd5 Bxd5 21. Nxd5
Qc4 22. Nb6 Qxa2 23. Nxa8 Rxa8 24. Ra1 {Black resigns} 1-0

[Event "Team 45 45 League T99"]
[Site "Internet Chess Club"]
[Date "2024.03.15"]
[Round "5"]
[White "Rookmaster"]
[Black "ARMAND02019"]
[Result "0-1"]
[WhiteElo "1497"]
[BlackElo "1578"]
[Opening "French: Two knights variation"]
[ECO "C00"]
[Time "19:09:19"]
[PlyCount "92"]
[TimeControl "2700+45"]

1. e4 e6 2. Nf3 d5 3. Nc3 d4 4. Ne2 c5 5. b4 Nc6 6. b5 Nb4 7. a3 Nxc2+ 8. Qxc2
d3 9. Qc3 dxe2 10. Bxe2 Nf6 11. d3 Be7 12. Bb2 Bd7 13. a4 h6 14. O-O Qc7 15. Nd2
Rg8 16. Rfc1 b6 17. d4 Bc8 18. dxc5 bxc5 19. f3 Bb7 20. Nb3 Rc8 21. Ba3 Nd7 22.
Ra2 Bf6 23. Qc2 Be5 24. Nxc5 Bd4+ 25. Kf1 Bxc5 26. Bxc5 Qxc5 27. Qxc5 Rxc5 28.
Rxc5 Nxc5 29. Rc2 Nxe4 30. fxe4 Kd7 31. e5 Rc8 32. Rd2+ Bd5 33. Bh5 g6 34. Bg4
Rc1+ 35. Kf2 Kc7 36. a5 Rc5 37. Be2 Be4 38. Rd6 Rxe5 39. Ra6 Kb7 40. Rd6 Rd5 41.
Rxd5 exd5 42. Bf3 f5 43. Ke3 Kc7 44. Kd4 Kd6 45. Bxe4 fxe4 46. a6 Kc7 {White
resigns} 0-1

[Event "Team 45 45 League T99"]
[Site "Internet Chess Club"]
[Date "2024.03.15"]
[Round "5"]
[White "Kingofknights"]
[Black "BlueStorm"]
[Result "1/2-1/2"]
[WhiteElo "1472"]
[BlackElo "1635"]
[Opening "QGD: Cambridge Springs defense, Capablanca variation"]
[ECO "D52"]
[Time "17:00:08"]
[PlyCount "105"]
[TimeControl "2700+45"]

1. d4 d5 2. c4 e6 3. Nc3 Nf6 4. Bg5 Nbd7 5. e3 c6 6. Nf3 Qa5 7. Bxf6 Nxf6 8. Qc2
Ne4 9. Bd3 Nxc3 10. bxc3 g6 11. O-O Bg7 12. a4 O-O 13. h4 Qc7 14. cxd5 exd5 15.
c4 dxc4 16. Qxc4 Be6 17. Qc2 Rad8 18. a5 f5 19. Ng5 Bf7 20. Nxf7 Kxf7 21. Bc4+
Ke7 22. Qb3 Rb8 23. Ra2 Rf6 24. Re1 Kf8 25. Qd3 Re8 26. Qa3+ Qd6 27. Qxd6+ Rxd6
28. g3 Rxd4 29. Rc1 Rd6 30. Kf1 Red8 31. Be2 Rd2 32. Rxd2 Rxd2 33. Rb1 Rb2 34.
Rd1 Ke7 35. g4 Ra2 36. gxf5 Ra1 37. fxg6 Rxd1+ 38. Bxd1 hxg6 39. h5 gxh5 40.
Bxh5 Bc3 41. Ke2 Bxa5 42. Kd3 Kf6 43. Kc4 Bb6 44. Bg4 Ke5 45. Bc8 Bxe3 46. Bxb7
Bxf2 47. Bxc6 Kd6 48. Be8 a5 49. Ba4 Ke5 50. Bc6 Kf4 51. Kd3 Be1 52. Bb5 Ke5 53.
Kc4 {Game drawn by mutual agreement} 1/2-1/2

[Event "Team 45 45 League T99"]
[Site "Internet Chess Club"]
[Date "2024.03.15"]
[Round "5"]
[White "trogers41"]
[Black "tightfist"]
[Result "0-1"]
[WhiteElo "1422"]
[BlackElo "1485"]
[Opening "French: advance, Paulsen attack"]
[ECO "C02"]
[Time "14:01:56"]
[PlyCount "96"]
[TimeControl "2700+45"]

1. e4 e6 2. d4 d5 3. e5 c5 4. c3 Nc6 5. Nf3 Qb6 6. Be2 cxd4 7. cxd4 Nge7 8. Nc3
Nf5 9. Na4 Qa5+ 10. Bd2 Bb4 11. Bc3 b5 12. a3 Bxc3+ 13. Nxc3 b4 14. axb4 Qxb4
15. Bb5 Bd7 16. Bxc6 Bxc6 17. Qd2 O-O 18. O-O Rfb8 19. Ra2 a5 20. Rd1 a4 21. g4
Ne7 22. Ne1 h6 23. f4 a3 24. Nc2 Qb3 25. bxa3 Ba4 26. Rb1 Qc4 27. Rxb8+ Rxb8 28.
Ne3 Qb3 29. f5 Bd7 30. f6 Nc6 31. Ne2 Qb1+ 32. Kg2 Qe4+ 33. Kg3 Rb3 34. Nc3 Qxd4
35. Qxd4 Nxd4 36. Ncd1 Ba4 37. Kf4 Nb5 38. Nb2 Nc3 39. Nxa4 Nxa2 40. Nc5 Rxa3
41. fxg7 Kxg7 42. Nb7 Ra4+ 43. Kf3 Nc3 44. Nd6 Ne4 45. Nc8 Nd2+ 46. Ke2 Nc4 47.
h4 Nxe3 48. Kxe3 Rxg4 {White resigns} 0-1